 Dungeon Crawl Stone Soup version 0.24-a0-397-g73b976d855 (webtiles) character file.

Game seed: 13181053003329879042

451 Laiders72 the Magician (level 6, -1/41 HPs)
             Began as a Demonspawn Wizard on June 4, 2019.
             Killed by divine providence
             ... invoked by an orc priest
              (16 damage)
             ... on level 5 of the Dungeon.
             The game lasted 00:14:01 (5352 turns).

Laiders72 the Magician (Demonspawn Wizard)          Turns: 5352, Time: 00:14:02

Health: -1/41      AC:  2    Str:  9    XL:     6   Next: 75%
Magic:  7/12       EV: 12    Int: 20    God:
Gold:   182        SH:  0    Dex: 11    Spells: 5/13 levels left

rFire    . . .     SeeInvis .   p - +0 flail (drain)
rCold    . . .     Gourm    .   (no shield)
rNeg     . . .     Faith    .   a - +0 robe
rPois    .         Spirit   .   b - +0 hat
rElec    .         Reflect  .   (no cloak)
rCorr    .         Harm     .   (no gloves)
MR       .....                  (no boots)
Stlth    ++........             (no amulet)
HPRegen  0.13/turn              (no ring)
MPRegen  0.13/turn              (no ring)

@: no status effects
A: talons 2, powered by death 1
a: no special abilities


You were on level 5 of the Dungeon.
You were near starving.

You visited 1 branch of the dungeon, and saw 5 of its levels.

You collected 182 gold pieces.

Inventory:

Hand Weapons
 p - a +0 flail of draining (weapon)
Armour
 a - a +0 robe (worn)
 b - a +0 hat (worn)
Scrolls
 c - 2 scrolls of identify
 i - 5 scrolls of teleportation
 j - 4 scrolls of remove curse {unknown}
 k - 2 scrolls of immolation {unknown}
 l - 2 scrolls of amnesia {unknown}
 m - a scroll of random uselessness {unknown}
 n - a scroll of magic mapping {unknown}
Potions
 e - a potion of brilliance {unknown}
 f - a potion of invisibility {unknown}
 g - 2 potions of haste {unknown}
 h - 4 potions of curing {unknown}
Comestibles
 d - 6 rations


   Skills:
 - Level 1.8 Dodging
 - Level 1.8 Stealth
 + Level 4.1 Spellcasting
 * Level 4.1 Conjurations
 + Level 2.6 Summonings
 + Level 2.3 Translocations
 + Level 1.4 Air Magic
 + Level 1.5 Poison Magic


You had 5 spell levels left.
You knew the following spells:

 Your Spells              Type           Power        Failure   Level  Hunger
a - Magic Dart            Conj           ###.         2%          1    None
b - Call Imp              Summ           ##......     6%          2    #......
c - Blink                 Tloc           N/A          8%          2    #......
d - Mephitic Cloud        Conj/Pois/Air  ##......     14%         3    ###....

Your spell library contained the following spells:

 Spells                   Type           Power        Failure   Level  Hunger
 Conjure Flame            Conj/Fire      ##......     16%         3    ###....
 Slow                     Hex            #.......     19%         2    #......


Dungeon Overview and Level Annotations

Branches:
Dungeon (5/15)
 Temple: D:4-7

Altars:
Ashenzari
Dithmenos
Fedhas
Qazlal
Ru
Trog
Wu Jian


Innate Abilities, Weirdness & Mutations

You have razor-sharp toenails.
You regenerate a little health from kills.


Message History

The orc priest barely misses you. The orc barely misses you.
You closely miss the orc priest. Your kick misses the orc priest.
The orc priest is moderately wounded.
The orc priest hits you but does no damage.
The orc hits you but does no damage.
You hit the orc priest. You drain the orc priest. You claw the orc priest.
The orc priest is severely wounded.
The orc priest calls down the wrath of Beogh upon you.
Pain shoots through your body! The orc barely misses you.
The orc priest hits you with a cursed -2 dagger.
You barely miss the orc priest.
The orc priest is severely wounded.
The orc hits you with a +0 club.
The orc priest hits you with a cursed -2 dagger.
You barely miss the orc priest.
The orc priest is severely wounded.
The orc closely misses you. The orc priest closely misses you.
The orc priest calls down the wrath of Beogh upon you.
Beogh smites you!
You die...

#....#...#
.....#.#.#########
.%..............<#
............####[####
.........#..# #<...#
......#....# ####.#
#......# #.# #.oo..#
#.# ####@#### #.#
#.......# #####.###
#.......# #.......#
#.......# #.#.....#
#.......# #.#.###.#
#.......# #.#.# #.#
#.....>.# #.#.###.#
#.......###.#.....#
######............#


You could see an orc priest and an orc.

Vanquished Creatures
  A phantom (D:4)
  An ogre (D:4)
  An orc wizard (D:5)
  3 worker ants (D:4)
  4 gnolls (D:4)
  3 adders
  2 oozes
  A worm (D:3)
  A dart slug (D:1)
  5 leopard geckos
  7 orcs
  10 bats
  3 giant cockroaches
  5 goblins
  11 hobgoblins
  2 jackals (D:3)
  3 quokkas
  A ball python (D:1)
  7 frilled lizards
  14 kobolds
  6 rats
91 creatures vanquished.

Vanquished Creatures (collateral kills)
  A crimson imp (D:5)
  An orc priest (D:4)
  An orc wizard (D:4)
  2 adders (D:3)
  An orc (D:4)
  A goblin (D:3)
  A bat (D:3)
8 creatures vanquished.

Grand Total: 99 creatures vanquished

Notes
Turn   | Place    | Note
-------+----------+-------------------------------------------
     0 | D:1      | Laiders72 the Demonspawn Wizard began the quest for the
                  | Orb.
     0 | D:1      | Reached XP level 1. HP: 13/13 MP: 4/4
   378 | D:1      | Gained mutation: You have sharp toenails. [demonic
                  | ancestry]
   378 | D:1      | Reached XP level 2. HP: 10/19 MP: 3/6
   761 | D:1      | Learned a level 2 spell: Call Imp
   764 | D:1      | Learned a level 2 spell: Blink
   928 | D:1      | Reached skill level 1 in Translocations
  1023 | D:1      | Reached XP level 3. HP: 20/24 MP: 5/7
  1784 | D:2      | Found an ornate altar of the Wu Jian Council.
  1787 | D:2      | Found a bloodstained altar of Trog.
  1791 | D:2      | Found a shattered altar of Ashenzari.
  1793 | D:2      | Found a shadowy altar of Dithmenos.
  1796 | D:2      | Found a blossoming altar of Fedhas.
  1799 | D:2      | Found a stormy altar of Qazlal.
  2153 | D:2      | Found a sacrificial altar of Ru.
  2426 | D:2      | Gained mutation: You regenerate a little health from kills.
                  | [demonic ancestry]
  2426 | D:2      | Reached XP level 4. HP: 13/30 MP: 7/9
  3771 | D:3      | Found a blossoming altar of Fedhas.
  3826 | D:3      | Learned a level 3 spell: Mephitic Cloud
  3895 | D:4      | Noticed a phantom
  3946 | D:4      | Killed a phantom
  3946 | D:4      | Reached XP level 5. HP: 10/35 MP: 0/10
  4243 | D:4      | Reached skill level 1 in Poison Magic
  4243 | D:4      | Noticed an ogre
  4258 | D:4      | Reached skill level 1 in Air Magic
  4258 | D:4      | Gained mutation: You have razor-sharp toenails. [demonic
                  | ancestry]
  4258 | D:4      | Reached XP level 6. HP: 31/41 MP: 11/11
  4446 | D:5      | Entered Level 5 of the Dungeon
  5352 | D:5      | Killed from afar by an orc priest

Levels and vault maps discovered:
D:1:      scummos_arrival_checkerplants, layout_basic, minmay_misc_feat_square
D:2:      layout_basic, minitemple, chequers_mini_garden, lemuel_altar_in_water
D:3:      layout_basic, first_ration, columned_hall_lemuel, fedhas_altar_1
D:4:      layout_rooms
D:5:      layout_loops_cross

Skill      XL: |  1  2  3  4  5  6 |
---------------+-------------------+-----
Conjurations   | 2 3 4 |  4.1
Translocations | 1 2 |  2.3
Summonings     | 2 |  2.6
Poison Magic   | 1 |  1.5
Air Magic      | 1 |  1.4
Spellcasting   | 4 |  4.1
Dodging        | |  1.8
Stealth        | |  1.8

Action                   |  1- 3 |  4- 6 || total
-------------------------+-------+-------++-------
Melee: Dagger            |    82 |    97 ||   179
       Short sword       |     4 |       ||     4
       Kick              |     5 |    20 ||    25
       Flail             |       |    62 ||    62
 Cast: Magic Dart        |    52 |    52 ||   104
       Call Imp          |       |    18 ||    18
       Blink             |       |     7 ||     7
       Mephitic Cloud    |       |     2 ||     2
  Use: Scroll            |       |     2 ||     2
 Stab: Sleeping          |     1 |     2 ||     3
  Eat: Chunk             |     4 |     9 ||    13
Armor: Robe              |    14 |    23 ||    37
Dodge: Dodged            |    58 |   115 ||   173

Table legend:
 A = Non-vault XP
 B = Vault XP
 C = Vault XP percentage of total XP
 D = Non-vault monster count
 E = Vault monster count
 F = Vault count percentage of total count
                 A         B        C        D         E       F
            +---------+---------+-------+---------+---------+-------
      Total |     645 |       0 |   0.0 |      99 |       0 |   0.0
            +---------+---------+-------+---------+---------+-------
        D:1 |      47 |       0 |   0.0 |      27 |       0 |   0.0
        D:2 |      53 |       0 |   0.0 |      23 |       0 |   0.0
        D:3 |      55 |       0 |   0.0 |      25 |       0 |   0.0
        D:4 |     408 |       0 |   0.0 |      20 |       0 |   0.0
        D:5 |      82 |       0 |   0.0 |       4 |       0 |   0.0
            +---------+---------+-------+---------+---------+-------
